cohdb
Replays
Latest Replays
All Replays
Popular Replays
Top Player Replays
Match Explorer
How It Works
Community
CoH3 Stats
Reddit
Sign in to upload your games and track your stats! →
Sign in with Steam
Match 46912462
Unlisted
Match 46912462
Overview
Messages
Build Orders
End
Pioneer Squad
Construct Infanterie Kompanie
Sniper
Grenadier Squad
Grenadier Squad
Construct Luftwaffe Kompanie
Medical Station
221 Scout Car
Jäger Squad
Jäger Squad
Support Elements
Wirbelwind Flakpanzer
Wirbelwind Flakpanzer
Jäger Squad
Luftwaffe Officer Quarters
Jäger Squad
Wirbelwind Flakpanzer
Lyntune
BigBoss
1Tap.com
Olg
yesman55
rocketpossum
0
0
Comments
sign in to comment!
No comments posted yet!